 Dungeon Crawl Stone Soup version 0.23-a0-183-gf37f6fb (webtiles) character file.

82 namelastname112 the Sneak (level 4, 0/37 HPs)
             Began as a Draconian Assassin on Sept 21, 2018.
             Slain by an orc
             ... wielding a +0 flail
              (7 damage)
             ... on level 3 of the Dungeon.
             The game lasted 00:01:56 (1473 turns).

namelastname112 the Sneak (Draconian Assassin)      Turns: 1473, Time: 00:01:57

Health: 0/37       AC:  6    Str: 16    XL:     4   Next: 21%
Magic:  4/4        EV: 12    Int: 12    God:
Gold:   76         SH:  0    Dex: 13    Spells: 3/3 levels left

rFire    . . .     SeeInvis .   a - +2 dagger
rCold    . . .     Gourm    .   (no shield)
rNeg     . . .     Faith    .   (armour unavailable)
rPois    .         Spirit   .   (helmet restricted)
rElec    .         Reflect  .   c - +0 cloak
rCorr    .         Harm     .   (no gloves)
MR       .....                  (no boots)
Stlth    +++.......             n - amulet of rage
HPRegen  0.12/turn              k - +3 ring of strength
MPRegen  0.09/turn              (no ring)

@: no status effects
A: unfitting armour, cold-blooded, AC +5
a: Evoke Berserk Rage


You were on level 3 of the Dungeon.
You were not hungry.

You visited 1 branch of the dungeon, and saw 3 of its levels.

You collected 76 gold pieces.

Inventory:

Hand Weapons
 a - a +2 dagger (weapon)
 b - a +0 blowgun
Missiles
 d - 14 poisoned needles
 e - 2 curare-tipped needles
Armour
 c - a +0 cloak (worn)
Jewellery
 k - a +3 ring of strength (left hand)
 n - an amulet of rage (around neck)
Scrolls
 h - 2 scrolls of teleportation {unknown}
 i - a scroll of immolation {unknown}
 j - a scroll of random uselessness {unknown}
 l - a scroll of fear {unknown}
 p - a scroll of identify {unknown}
 q - a scroll of noise {unknown}
Potions
 g - 2 potions of agility {unknown}
 m - a potion of flight {unknown}
Comestibles
 f - 4 rations


   Skills:
 + Level 2.6 Fighting
 * Level 2.9 Short Blades
 + Level 2.3 Throwing
 + Level 1.4 Dodging
 * Level 4.2 Stealth


You had 3 spell levels left.
You didn't know any spells.
Your spell library was empty.

Dungeon Overview and Level Annotations

Branches:
Dungeon (3/15)

Altars:
Fedhas


Innate Abilities, Weirdness & Mutations

Your plain brown scales are hard. (AC +5)
You cannot fit into any form of body armour.
You are cold-blooded and may be slowed by cold attacks.


Message History

You are too injured to fight recklessly!
You are too injured to fight recklessly!
You are too injured to fight recklessly!
You are too injured to fight recklessly!
You are too injured to fight recklessly!
You are too injured to fight recklessly!
An orc is nearby!
An orc is nearby!
An orc is nearby!
You hit the orc but do no damage.
The orc is heavily wounded.
You hit the orc but do no damage.
The orc is heavily wounded.
The orc hits you with a flail!
* * * LOW HITPOINT WARNING * * *
You take 8 damage, and have 7/37 hp.
MASSIVE DAMAGE!!
You hit the orc.
The orc is severely wounded.
The orc hits you with a flail!
You die...

####### #.....#
#.....# #.....#
#.....# #o....#
####### #######@....#
......## #...........#
#####..###.####......#
####.......##........#
.†...###......########
.########...### ##
#....#...# ####### #
#..######.####.....# #
.. #...##.....#


You could see an orc.

Vanquished Creatures
  3 adders
  An ooze (D:3)
  A worm (D:2)
  3 dart slugs (D:1)
  A leopard gecko (D:3)
  An orc (D:3)
  2 bats (D:3)
  7 goblins
  7 hobgoblins
  2 jackals (D:3)
  A ball python (D:1)
  2 frilled lizards (D:2)
  5 kobolds
  4 rats
40 creatures vanquished.

Notes
Turn   | Place    | Note
-------+----------+-------------------------------------------
     0 | D:1      | namelastname112 the Draconian Assassin began the quest for
                  | the Orb.
     0 | D:1      | Reached XP level 1. HP: 17/17 MP: 1/1
    76 | D:1      | Reached skill level 1 in Dodging
   342 | D:1      | Reached XP level 2. HP: 22/24 MP: 2/2
   794 | D:2      | Reached XP level 3. HP: 30/30 MP: 3/3
   806 | D:2      | Reached skill level 4 in Stealth
   905 | D:2      | Found a blossoming altar of Fedhas.
  1358 | D:3      | Reached XP level 4. HP: 33/37 MP: 4/4
  1473 | D:3      | Slain by an orc

Vault maps used:
D:1:      evilmike_arrival_hilbert_curve, minmay_bisected
D:2:      fedhas_altar_2
D:3:      nicolae_overflow_crystal_walls, first_ration,
          makhleb_altar_promises_db

Skill      XL: |  1  2  3 |
---------------+----------+-----
Dodging        | 1 |  1.4
Throwing       | 2 |  2.3
Stealth        | 4 |  4.2
Fighting       | |  2.6
Short Blades   | |  2.9

Action                   |  1- 3 |  4- 6 || total
-------------------------+-------+-------++-------
Melee: Dagger            |   106 |    37 ||   143
       Tailslap          |    12 |     2 ||    14
 Stab: Sleeping          |     6 |       ||     6
  Eat: Chunk             |     1 |     1 ||     2
Armor: Skin              |    37 |    30 ||    67
Dodge: Dodged            |    54 |    33 ||    87

Table legend:
 A = Non-vault XP
 B = Vault XP
 C = Vault XP percentage of total XP
 D = Non-vault monster count
 E = Vault monster count
 F = Vault count percentage of total count
                 A         B        C        D         E       F
            +---------+---------+-------+---------+---------+-------
      Total |     114 |       4 |   3.4 |      39 |       1 |   2.5
            +---------+---------+-------+---------+---------+-------
        D:1 |      28 |       4 |  12.5 |      14 |       1 |   6.7
        D:2 |      49 |       0 |   0.0 |      15 |       0 |   0.0
        D:3 |      37 |       0 |   0.0 |      10 |       0 |   0.0
            +---------+---------+-------+---------+---------+-------
